 Dungeon Crawl Stone Soup version 0.18-a0-1120-g03bd624 (webtiles) character file.

443 Chiseanne the Skirmisher (level 6, 0/56 HPs)
             Began as a Centaur Air Elementalist on Jan 17, 2016.
             Was an Initiate of Gozag.
             Slain by a phantom (6 damage)
             ... on level 5 of the Dungeon.
             The game lasted 00:07:43 (3846 turns).

Chiseanne the Skirmisher (Centaur Air Elementalist) Turns: 3846, Time: 00:07:43

Health: 0/56       AC:  9    Str: 10    XL:     6   Next: 71%
Magic:  8/8        EV:  8    Int: 16    God:    Gozag
Gold:   434        SH:  0    Dex: 10    Spells: 1 memorised, 7 levels left

rFire  . . .     SeeInvis .     a - +1 hand axe (freeze)
rCold  . . .     Gourm    .     q - +1 ring mail
rNeg   . . .     Faith    .     (no shield)
rPois  .         Spirit   .     l - +1 helmet
rElec  .         Dismiss  .     (no cloak)
rCorr  .         Reflect  .     (no gloves)
SustAt .         Harm     .     (no barding)
MR     .....                    (no amulet)
Stlth  ..........               (no ring)
                                (no ring)

@: very quick, not resistant to hostile enchantments, extremely unstealthy
A: hooves 3, deformed body, speed 2, tough skin 3
a: Potion Petition, Call Merchant, Bribe Branch, Renounce Religion


You were on level 5 of the Dungeon.
You worshipped Gozag.
Gozag was noncommittal.
You were not hungry.

You visited 1 branch of the dungeon, and saw 5 of its levels.

You collected 481 gold pieces.
You paid 47 gold pieces to Gozag.

Inventory:

Hand Weapons
 a - a +1 hand axe of freezing (weapon)
 s - a +0 falchion of protection
Missiles
 e - 18 bolts
 f - 18 silver bolts
 o - 15 poisoned needles
 p - a throwing net (quivered)
 r - 23 arrows
Armour
 l - a +1 helmet (worn)
 q - a +1 ring mail (worn)
Jewellery
 m - an uncursed ring of flight
Scrolls
 j - 2 scrolls of blinking
Potions
 d - a potion of lignification {unknown}
 g - a potion of cancellation {unknown}
 h - a potion of resistance {unknown}
 i - a potion of haste
 n - a potion of mutation {unknown}
Books
 b - a book of Air

   Spells                             Type                      Level
   a - Shock                          Conjuration/Air              1
   b - Swiftness                      Charms/Air                   2
   c - Repel Missiles                 Charms/Air                   2
   d - Static Discharge               Conjuration/Air              3
   e - Lightning Bolt                 Conjuration/Air              5
Comestibles
 c - 3 bread rations
 k - 3 fruits
 t - 2 meat rations


   Skills:
 * Level 5.0 Fighting
 * Level 3.3 Armour
 - Level 1.3 Dodging
 - Level 1.2 Stealth
 - Level 1.5 Spellcasting
 - Level 0.8 Conjurations
 - Level 2.6 Air Magic


You had 7 spell levels left.
You knew the following spells:

 Your Spells              Type           Power        Failure   Level  Hunger
a - Shock                 Conj/Air       #...         28%         1    ##.....


Dungeon Overview and Level Annotations

Branches:
Dungeon (5/15)
 Temple: D:4-7

Altars:
Gozag
Xom
Yredelemnul

Annotations:
D:5 gorblad's ghost, novice VSMo


Innate Abilities, Weirdness & Mutations

You have hooves in place of feet.
Armour fits poorly on your strangely shaped body.
You cover ground very quickly.
You have extremely tough skin (AC +3).


Message History

You are too injured to fight recklessly!
You are too injured to fight recklessly!
You are too injured to fight recklessly!
You are too injured to fight recklessly!
You are too injured to fight recklessly!
You are too injured to fight recklessly!
You are too injured to fight recklessly!
You are too injured to fight recklessly!
You are too injured to fight recklessly!
You are too injured to fight recklessly!
You are too injured to fight recklessly!
The phantom hits you!
* * * LOW HITPOINT WARNING * * *
The phantom blinks!
The phantom blinks!
You hit the phantom. Your kick misses the phantom.
The phantom is severely damaged.
The phantom hits you.
You die...
Your body crumbles into a pile of gold.

##### ##...##
##...>.##
#.......#
#..@....#
#..W....#####
##......##..#####
#...............#
#.......#...#...#
#.......#...#...#
##.........##...#
##.....#.#.....#
###.###...#...#


You could see a phantom.

Vanquished Creatures
  A phantom (D:4)
  The ghost of kak the Sneak, an amateur SpEn (D:3)
  A scorpion (D:5)
  A killer bee (D:4)
  A crimson imp (D:5)
  A giant frog skeleton (D:5)
  Robin (D:2)
  5 adders
  2 oozes
  A giant gecko (D:2)
  13 orcs
  A ball python (D:3)
  6 bats
  2 giant cockroaches (D:2)
  11 goblins
  8 hobgoblins
  3 quokkas (D:3)
  A giant gecko skeleton (D:3)
  4 giant newts
  2 kobolds (D:3)
  8 rats
74 creatures vanquished.

Notes
Turn   | Place    | Note
--------------------------------------------------------------
     0 | D:1      | Chiseanne the Centaur Air Elementalist began the quest for the Orb.
     0 | D:1      | Reached XP level 1. HP: 14/14 MP: 3/3
   200 | D:1      | Reached skill level 1 in Fighting
   392 | D:1      | Reached XP level 2. HP: 18/23 MP: 4/4
   923 | D:2      | Found a shimmering altar of Xom.
   948 | D:2      | Noticed Robin
   957 | D:2      | Reached XP level 3. HP: 22/29 MP: 5/5
   963 | D:2      | Killed Robin
   963 | D:2      | Reached skill level 1 in Armour
  1054 | D:2      | Found a basalt altar of Yredelemnul.
  1054 | D:2      | Found an opulent altar of Gozag.
  1062 | D:2      | Became a worshipper of Gozag Ym Sagoz the Greedy
  1387 | D:3      | Reached XP level 4. HP: 8/37 MP: 1/6
  1770 | D:3      | Reached skill level 3 in Fighting
  2000 | D:3      | Noticed an orc warrior
  2190 | D:3      | Noticed kak's ghost (amateur SpEn)
  2208 | D:3      | Killed kak's ghost
  2208 | D:3      | Reached XP level 5. HP: 27/46 MP: 7/7
  2683 | D:4      | Noticed a phantom
  2738 | D:4      | Killed a phantom
  2738 | D:4      | Reached skill level 4 in Fighting
  2738 | D:4      | Reached XP level 6. HP: 4/52 MP: 6/8
  3056 | D:5      | Entered Level 5 of the Dungeon
  3679 | D:5      | Noticed gorblad's ghost (novice VSMo)
  3751 | D:5      | Reached skill level 5 in Fighting
  3846 | D:5      | Slain by a phantom

Vault maps used:
D:1:      scummos_arrival_gate
D:2:      overflow_temple_1_default, amethyst_overflow_temple_binary, uniq_robin
D:4:      lemuel_round_altar, kennysheep_mini_moat, first_bread, serial_shops,
          shop_scrolls, grunt_pakellas_salt, uniq_duvessa
D:5:      minmay_goblin_kobold_castle

Action                   |  1- 3 |  4- 6 || total
-------------------------+-------+-------++-------
Melee: Unarmed           |    30 |       ||    30
       Hand axe          |    75 |   210 ||   285
Throw: Throwing net      |       |     1 ||     1
 Cast: Shock             |     2 |     2 ||     4
  Use: Scroll            |       |    13 ||    13
       Potion            |       |     6 ||     6
 Stab: Distracted        |       |     1 ||     1
  Eat: Fruit             |     3 |       ||     3
       Bread ration      |     1 |       ||     1
       Beef jerky        |       |     1 ||     1
